 Dungeon Crawl Stone Soup version 0.20-a0-1117-g62da73f (webtiles) character file.

249 Monsterracer the Sneak (level 5, -2/35 HPs)
             Began as a Vampire Enchanter on May 8, 2017.
             Killed by divine providence
             ... invoked by an orc priest
              (12 damage)
             ... on level 3 of the Dungeon on May 9, 2017.
             The game lasted 00:20:19 (5785 turns).

Monsterracer the Sneak (Vampire Enchanter)          Turns: 5785, Time: 00:20:19

Health: -2/35      AC:  3    Str:  7    XL:     5   Next: 87%
Magic:  1/8        EV: 13    Int: 18    God:
Gold:   225        SH:  0    Dex: 15    Spells: 3/8 levels left

rFire    + . .     SeeInvis +   a - +1 dagger
rCold    + + .     Gourm    .   (no shield)
rNeg     + + +     Faith    .   e - +0 robe {rC+ rF+}
rPois    +         Spirit   .   o - +0 helmet
rElec    .         Reflect  .   (no cloak)
rCorr    .         Harm     .   (no gloves)
MR       .....                  (no boots)
Stlth    +++++.....             (no amulet)
Regen    0.1/turn               i - ring of positive energy
MPRegen  0.2/turn               (no ring)

@: regenerating slowly
A: fangs 3, hooves 1, see invisible, deterioration 1, unbreathing
a: Bat Form


You were on level 3 of the Dungeon.
You were thirsty.

You visited 1 branch of the dungeon, and saw 4 of its levels.

You collected 225 gold pieces.

Inventory:

Hand Weapons
 a - a +1 dagger (weapon)
Armour
 e - a +0 robe of resistance (worn)
 o - a +0 helmet (worn)
Jewellery
 i - a ring of positive energy (left hand)
Wands
 l - a wand of clouds (2/9)
Scrolls
 f - 4 scrolls of teleportation
 g - a scroll of remove curse
 k - 2 scrolls of identify
Potions
 b - a potion of cancellation
 d - 5 potions of blood
 h - 5 potions of curing
 j - 2 potions of magic
Books
 c - a book of Maledictions

   Spells                             Type                      Level
   a - Corona                         Hexes                        1
   b - Ensorcelled Hibernation        Hexes/Ice                    2
   c - Confuse                        Hexes                        3
   d - Tukima's Dance                 Hexes                        3
   e - Dazzling Spray                 Conjuration/Hexes            3


   Skills:
 + Level 3.7 Short Blades
 + Level 2.4 Dodging
 * Level 7.7 Stealth
 - Level 2.0 Spellcasting
 * Level 5.6 Hexes


You had 3 spell levels left.
You knew the following spells:

 Your Spells              Type           Power        Failure   Level  Hunger
b - Ensorcelled Hibernat  Hex/Ice        ##....       9%          2    ###....
c - Confuse               Hex            ###.....     5%          3    ###....


Dungeon Overview and Level Annotations

Branches:
Dungeon (4/15)
 Temple: D:4-7

Altars:
Fedhas
Gozag
Okawaru


Innate Abilities, Weirdness & Mutations

You heal slowly.
You have razor-sharp teeth.
You have supernaturally acute eyesight. (SInv)
You can survive without breathing.
You have large cloven feet.
Your body sometimes deteriorates upon taking damage.


Message History

Confirm with . or Enter, or press ? or * to list all spells.
Aiming: Ensorcelled Hibernation
Press: ? - help, Shift-Dir - straight line, f - orc priest
Aim: an orc priest, wielding a whip of draining (chance to defeat MR: 42%)
The orc priest resists with some effort.
The orc priest hits you but does no damage.
Casting: Ensorcelled Hibernation
Confirm with . or Enter, or press ? or * to list all spells.
Aiming: Ensorcelled Hibernation
Press: ? - help, Shift-Dir - straight line, f/p - orc priest
Aim: an orc priest, wielding a whip of draining (chance to defeat MR: 42%)
The orc priest resists with some effort.
The orc priest calls down the wrath of Beogh upon you.
Beogh smites you!
* * * LOW HITPOINT WARNING * * *
The orc priest invokes the aid of Beogh against you.
You are unaffected.
The orc priest invokes the aid of Beogh against you.
Beogh smites you!
You die...

##.##
##....<..####.#....##
#.## ##.....##
#.###.## #..# ##...##
#.# ### ##.# ##'##
#.# #.# #.# #># #.#
#.# #.# #.#
######.### #.# #.#
#........#####.# #.#
#.##...@.......#
#.###......).#######
#..........#>#
#####....o##.#
#........# ##########


You could see an orc priest.

Vanquished Creatures
  Blork the orc (D:4)
  2 orc wizards (D:4)
  Robin (D:3)
  2 adders
  3 dart slugs
  4 leopard geckos
  4 orcs
  A ball python (D:3)
  3 giant cockroaches
  11 goblins
  9 hobgoblins
  6 jackals
  2 quokkas (D:3)
  10 bats
  4 frilled lizards
  A jackal skeleton (D:4)
  9 kobolds
  8 rats
81 creatures vanquished.

Notes
Turn   | Place    | Note
-------+----------+-------------------------------------------
     0 | D:1      | Monsterracer the Vampire Enchanter began the quest for the Orb.
     0 | D:1      | Reached XP level 1. HP: 13/13 MP: 3/3
   133 | D:1      | Reached XP level 2. HP: 5/19 MP: 0/5
   143 | D:1      | Learned a level 2 spell: Ensorcelled Hibernation
   477 | D:1      | Reached skill level 5 in Stealth
  1200 | D:1      | Reached XP level 3. HP: 19/24 MP: 6/6
  1895 | D:1      | Learned a level 3 spell: Confuse
  2129 | D:2      | Gained mutation: You are clumsy. (Dex -2) [potion of mutation]
  2129 | D:2      | Gained mutation: You have sharp fingernails. [potion of mutation]
  2130 | D:2      | Lost mutation: You are clumsy. (Dex -2) [potion of mutation]
  2130 | D:2      | Lost mutation: You have sharp fingernails. [potion of mutation]
  2130 | D:2      | Gained mutation: Your body sometimes deteriorates upon taking damage. [potion of mutation]
  2130 | D:2      | Gained mutation: You have large cloven feet. [potion of mutation]
  2483 | D:2      | Reached skill level 6 in Stealth
  2608 | D:2      | Found an opulent altar of Gozag.
  2931 | D:2      | Reached XP level 4. HP: 30/30 MP: 2/7
  3345 | D:3      | Upgraded the game from 0.20-a0-1116-gaa52201 to 0.20-a0-1117-g62da73f
  3485 | D:3      | Noticed Robin
  4703 | D:3      | Killed Robin
  5438 | D:4      | Noticed Blork the orc
  5444 | D:4      | Killed Blork the orc
  5444 | D:4      | Reached skill level 7 in Stealth
  5444 | D:4      | Reached skill level 5 in Hexes
  5444 | D:4      | Reached XP level 5. HP: 27/35 MP: 8/8
  5557 | D:4      | Found a blossoming altar of Fedhas.
  5560 | D:4      | Found an iron altar of Okawaru.
  5785 | D:3      | Killed from afar by an orc priest

Vault maps used:
D:1:      minmay_arrival_pointy, serial_corexii_hall, corexii_hall_statues_l,
          corexii_hall_statues_x
D:2:      nicolae_gozag_cash_rules_everything_around_me
D:3:      uniq_robin
D:4:      minitemple, first_bread, uniq_menkaure, uniq_blork_the_orc

Skill      XL: |  1  2  3  4 |
---------------+-------------+-----
Stealth        | 5 6 7 |  7.7
Short Blades   | 2 3 |  3.7
Hexes          | 5 |  5.6
Dodging        | |  2.4
Spellcasting   | |  2.0

Action                   |  1- 3 |  4- 6 || total
-------------------------+-------+-------++-------
Melee: Dagger            |   171 |    97 ||   268
       Bite              |    11 |     9 ||    20
       Unarmed           |    20 |       ||    20
       Kick              |     3 |    10 ||    13
 Cast: Corona            |     9 |     9 ||    18
       Ensorcelled Hiber |    10 |    19 ||    29
 Abil: End Transformatio |     1 |       ||     1
       Bat Form          |     1 |       ||     1
Evoke: Wand              |       |     1 ||     1
  Use: Potion            |    11 |     9 ||    20
       Scroll            |       |     7 ||     7
 Stab: Sleeping          |    14 |    15 ||    29
       Distracted        |       |     1 ||     1
Armor: Robe              |    33 |    15 ||    48
Dodge: Dodged            |   156 |    66 ||   222
